 Dungeon Crawl Stone Soup version 0.25-a0-435-g4b9beb1024 (webtiles) character file.

Game seed: 5905819008885681358, levelgen mode: deterministic

37 ChaosChampion the Insei (level 3, 0/23 HPs)
             Began as an Octopode Transmuter on Jan 27, 2020.
             Slain by a goblin
             ... wielding a +0 dagger
             ... led by Robin
              (2 damage)
             ... on level 1 of the Dungeon.
             The game lasted 00:02:19 (982 turns).

ChaosChampion the Insei (Octopode Transmuter)        Turns: 982, Time: 00:02:20

Health: 0/23       AC:  1    Str:  9    XL:     3   Next: 41%
Magic:  6/6        EV: 13    Int: 16    God:
Gold:   48         SH:  0    Dex: 12    Spells: 3/6 levels left

rFire    . . .     SeeInvis .     - Unarmed
rCold    . . .     Gourm    .   (no shield)
rNeg     . . .     Faith    .   (helmet restricted)
rPois    .         Spirit   .   (no amulet)
rElec    .         Reflect  .   (no ring)
rCorr    .         Harm     .   (no ring)
MR       .....                  (no ring)
Stlth    +++.......             (no ring)
HPRegen  0.07/turn              (no ring)
MPRegen  0.10/turn              (no ring)
                                (no ring)
                                (no ring)

@: no status effects
A: almost no armour, stealthy swim, amphibious, 8 rings, constrict 8, camouflage
1, gelatinous body 1
a: no special abilities


You were on level 1 of the Dungeon.
You were hungry.

You visited 1 branch of the dungeon, and saw 2 of its levels.

You collected 48 gold pieces.

Inventory:

Missiles
 a - 34 arrows
 e - 6 javelins (quivered)
 j - 10 poisoned darts
Scrolls
 b - a scroll of amnesia {unknown}
 f - 2 scrolls of remove curse {unknown}
 i - a scroll of enchant weapon {unknown}
 m - a scroll of fear {unknown}
 n - a scroll of identify {unknown}
 o - a scroll of fog {unknown}
Potions
 d - 2 potions of curing {unknown}
 g - a potion of degeneration {unknown}
 h - a potion of mutation {unknown}
 k - a potion of flight {unknown}
 l - a potion of heal wounds {unknown}
Comestibles
 c - 3 rations


   Skills:
 + Level 1.3 Fighting
 + Level 2.1 Dodging
 * Level 2.0 Stealth
 * Level 3.2 Unarmed Combat
 * Level 2.3 Spellcasting
 * Level 2.3 Transmutations


You had 3 spell levels left.
You knew the following spells:

 Your Spells              Type           Power        Failure   Level  Hunger
a - Beastly Appendage     Tmut           #.....       8%          1    #......
b - Sticks to Snakes      Tmut           #.......     12%         2    ###....

Your spell library contained the following spells:

 Spells                   Type           Power        Failure   Level  Hunger
 Spider Form              Tmut/Pois      #.........   36%         3    ###....
 Ice Form                 Ice/Tmut       #.......     77%         4    #####..
 Blade Hands              Tmut           #.........   91%         5    ######.


Dungeon Overview and Level Annotations

Branches:
Dungeon (2/15)

Altars:
Hepliaklqana

Annotations:
D:2 Robin


Innate Abilities, Weirdness & Mutations

You cannot wear most types of armour.
You are very stealthy in the water. (Stealth+)
You are amphibious.
You can wear up to eight rings at the same time.
You can use your tentacles to constrict eight enemies at once.
Your skin changes colour to match your surroundings (Stealth+).
Your rubbery body absorbs attacks. (AC +1, EV +1)


Message History

You constrict the hobgoblin.
The hobgoblin hits you with a +0 club. x2
* * * LOW HITPOINT WARNING * * *
Robin throws the goblin at you!
* * * LOW HITPOINT WARNING * * *
You release your grip on the hobgoblin.
The goblin no longer looks unusually strong.
You are feeling hungry.
The goblin hits you with a +0 dagger.
* * * LOW HITPOINT WARNING * * *
There is a stone staircase leading up here.
You climb upwards.
There is a stone staircase leading down here.
You are too injured to fight recklessly!
Unknown command.
You barely miss the goblin. Your grab misses the goblin.
The goblin hits you with a +0 dagger.
* * * LOW HITPOINT WARNING * * *
You closely miss the goblin. You grab the goblin. You constrict the goblin.
The goblin hits you with a +0 dagger.
You die...

#..........#####†.....#...#.# #
#.........^# #.##..####.#.####
#..........# #.##..###........
####.....### #.##.......#.####
## #.....# #.........##.# .#
#.....#########.#........# .#
#.....##.....##.....######
.####.....#...)g.####.......#
..........+.....@# ###.###.#
..###.....#.....## #.# #.#####
................# #.# #....#.
...###.#........# #.######.#.
...###.#..#.....# #..........
............####### ########.#.
#####.#...........# #.#.
#...............# ####.#.
######...........#########......


You could see a goblin.

Vanquished Creatures
  A dart slug (D:2)
  A leopard gecko (D:2)
  A giant cockroach (D:1)
  11 goblins
  4 hobgoblins (D:1)
  2 jackals (D:1)
  A kobold (D:1)
  3 bats (D:1)
  4 rats (D:1)
28 creatures vanquished.

Vanquished Creatures (collateral kills)
  A jackal (D:1)
1 creature vanquished.

Grand Total: 29 creatures vanquished

Notes
Turn   | Place    | Note
-------+----------+-------------------------------------------
     0 | D:1      | ChaosChampion the Octopode Transmuter began the quest for
                  | the Orb.
     0 | D:1      | Reached XP level 1. HP: 13/13 MP: 3/3
    50 | D:1      | Reached XP level 2. HP: 4/18 MP: 5/5
    51 | D:1      | Reached skill level 1 in Stealth
   102 | D:1      | Learned a level 2 spell: Sticks to Snakes
   779 | D:2      | Reached XP level 3. HP: 23/23 MP: 6/6
   830 | D:2      | Found a hazy altar of Hepliaklqana.
   927 | D:2      | Noticed Robin
   982 | D:1      | Slain by a goblin

Levels and vault maps discovered:
D:1:      erik_arrival_blinker_ship, layout_basic, minmay_bisected
D:2:      layout_basic, marbit_many_paths, first_ration, cheibrodos_gnoll_hut,
          uniq_robin

Skill      XL: |  1  2  3 |
---------------+----------+-----
Stealth        | 1 2 |  2.0
Fighting       | |  1.3
Dodging        | |  2.1
Unarmed Combat | |  3.2
Spellcasting   | |  2.3
Transmutations | |  2.3

Action                   || total
-------------------------++-------
Melee: Unarmed           ||    59
       Constrict         ||    21
       Tentacles         ||    13
       Kick              ||     8
       Punch             ||     2
 Cast: Beastly Appendage ||     6
       Sticks to Snakes  ||     4
 Stab: Sleeping          ||     5
Armor: Skin              ||    10
Dodge: Dodged            ||    39

Table legend:
 A = Non-vault XP
 B = Vault XP
 C = Vault XP percentage of total XP
 D = Non-vault monster count
 E = Vault monster count
 F = Vault count percentage of total count
                 A         B        C        D         E       F
            +---------+---------+-------+---------+---------+-------
      Total |      30 |      24 |  44.4 |      18 |      11 |  37.9
            +---------+---------+-------+---------+---------+-------
        D:1 |      25 |       6 |  19.4 |      16 |       3 |  15.8
        D:2 |       5 |      18 |  78.3 |       2 |       8 |  80.0
            +---------+---------+-------+---------+---------+-------
